 Dungeon Crawl Stone Soup version 0.17.1-3-g152610e (webtiles) character file.

53 Gargoyl the Skirmisher (level 3, 0/30 HPs)
             Began as a Demonspawn Abyssal Knight on Mar 10, 2016.
             Was a Believer of Lugonu.
             Slain by Sigmund
             ... wielding a +0 scythe
              (8 damage)
             ... on level 2 of the Dungeon.
             The game lasted 00:03:24 (1536 turns).

Gargoyl the Skirmisher (Demonspawn Abyssal Knight)  Turns: 1536, Time: 00:03:24

Health: 0/30       AC:  9    Str: 13    XL:     3   Next: 62%
Magic:  5/5        EV:  6    Int: 13    God:    Lugonu [**....]
Gold:   76         SH:  0    Dex: 12    Spells: 0 memorised, 2 levels left

rFire  . . .     SeeInvis .     a - +1 hand axe
rCold  . . .     Clarity  .     g - +0 chain mail
rNeg   . . .     SustAt   .     (no shield)
rPois  .         Gourm    .     (no helmet)
rElec  .         Spirit   .     h - +0 cloak
rCorr  .         Warding  .     (no gloves)
rMut   .         Stasis   .     (no boots)
MR     .....                    (no amulet)
Stlth  ..........               (no ring)
                                (no ring)

@: not resistant to hostile enchantments, extremely unstealthy
A: nightstalker 1
a: Depart the Abyss, Bend Space, Renounce Religion


You were on level 2 of the Dungeon.
You worshipped Lugonu.
Lugonu was pleased with you.
You were not hungry.

You visited 1 branch of the dungeon, and saw 2 of its levels.
You visited the Abyss 1 time.

You collected 76 gold pieces.

Inventory:

Hand Weapons
 a - a +1 hand axe (weapon)
Missiles
 j - 12 tomahawks (quivered)
Armour
 g - a +0 chain mail (worn)
 h - a +0 cloak (worn)
Scrolls
 d - a scroll of enchant weapon {unknown}
 e - 2 scrolls of teleportation {unknown}
 k - 2 scrolls of identify {unknown}
 m - a scroll of immolation {unknown}
Potions
 b - a potion of heal wounds {unknown}
 f - 2 potions of brilliance {unknown}
 i - 2 potions of mutation {unknown}
Comestibles
 c - a bread ration
 l - 2 meat rations


   Skills:
 + Level 3.8 Fighting
 + Level 2.1 Axes
 + Level 2.2 Armour
 + Level 1.1 Dodging
 + Level 3.0 Invocations


You had 2 spell levels left.
You didn't know any spells.

Dungeon Overview and Level Annotations

Branches:
Dungeon (2/15)

Altars:
Ashenzari
Zin
The Shining One

Shops:
D:2 *

Annotations:
D:2 Sigmund


Innate Abilities, Weirdness & Mutations

You are slightly more attuned to the shadows.


Message History

Something hits you.
The hobgoblin hits you but does no damage.
Unknown command.
You hit the hobgoblin.
You kill the hobgoblin!
Lugonu accepts your kill. The rat bites you but does no damage.
You hit the rat.
The rat is severely wounded.
Something hits you. The rat barely misses you.
You closely miss the rat.
The rat is heavily wounded.
Something hits you!
* * * LOW HITPOINT WARNING * * *
The rat barely misses you.
Unknown command.
You closely miss the rat.
The rat is heavily wounded.
The rat bites you but does no damage. Something hits you!
You die...

## ######## .. .......#
#.##.#.#########.###
...................
...#.#.####....... #
#..#.#.####.##.... #.
#..#.#......##....
#.#.{#..#.#.#######....
.....r@................
..####..#.#.#.####.....
#..#.#.....(<.....
#..#.####(###.....
#..#.. ...........
...#######.#......
##.## # ####... #.#
#... # ## #.# #...


You could see a rat.

Vanquished Creatures
  An adder (D:2)
  A worm (D:2)
  4 bats
  3 goblins
  5 hobgoblins
  2 jackals (D:2)
  4 giant cockroaches
  2 giant geckos
  3 giant newts
  6 kobolds
  A quokka (D:2)
  9 rats
41 creatures vanquished.

Notes
Turn   | Place    | Note
--------------------------------------------------------------
     0 | Abyss:1  | Gargoyl the Demonspawn Abyssal Knight began the quest for the Orb.
     0 | Abyss:1  | Reached XP level 1. HP: 18/18 MP: 2/2
     8 | Abyss:1  | Found a corrupted altar of Lugonu.
    89 | Abyss:1  | Noticed a chaos spawn
   120 | Abyss:1  | Noticed a brain worm
   121 | D:1      | Escaped the Abyss
   249 | D:1      | Reached * piety under Lugonu
   344 | D:1      | Found a glowing golden altar of the Shining One.
   383 | D:1      | Gained mutation: You are slightly more attuned to the shadows. [demonic ancestry]
   383 | D:1      | Reached XP level 2. HP: 24/24 MP: 4/4
   828 | D:1      | Reached skill level 1 in Dodging
   947 | D:2      | Reached XP level 3. HP: 29/29 MP: 5/5
   998 | D:2      | Found Zin's Purification Station.
  1004 | D:2      | Found a glowing silver altar of Zin.
  1340 | D:2      | Reached ** piety under Lugonu
  1358 | D:2      | Found a shattered altar of Ashenzari.
  1524 | D:2      | Noticed Sigmund
  1536 | D:2      | Slain by Sigmund

Action                   || total
-------------------------++-------
Melee: Hand axe          ||   143
Invok: Depart the Abyss  ||     1
  Eat: Chunk             ||     2
